 Dungeon Crawl Stone Soup version 0.30-a0-23-ge60ba3568b (webtiles) character file.

Game seed: 13974153959405916749

89243 iguanaiguana the Marksspriggan (level 15, -16/77 HPs)
             Began as a Spriggan Hunter on Aug 25, 2022.
             Was the Champion of Fedhas.
             Demolished by a bunyip (36 damage)
             ... on level 1 of the Swamp.
             The game lasted 01:43:05 (30904 turns).

iguanaiguana the Marksspriggan (Spriggan Hunter)   Turns: 30904, Time: 01:43:06

Health: -16/77     AC:  8    Str:  7    XL:     15   Next: 48%
Magic:  20/27      EV: 22    Int: 11    God:    Fedhas [******]
Gold:   1937       SH:  5    Dex: 26    Spells: 13/22 levels left

rFire   . . .      SeeInvis +    X - +6 arbalest
rCold   . . .      Faith    .    (shield currently unavailable)
rNeg    . . .      Spirit   .    Q - +3 troll leather armour
rPois   +          Reflect  +    (helmet restricted)
rElec   .          Harm     .    I - +0 cloak
rCorr   .          Rampage  .    (gloves unavailable)
Will    ++...                    (boots unavailable)
Stlth   ++++......               O - amulet of reflection
HPRegen 1.02/turn                N - ring of poison resistance
MPRegen 0.20/turn                j - ring of flight

@: flying, very quick
A: very small, no large weapons, unfitting armour, see invisible, speed 3
a: Renounce Religion, Wall of Briars, Grow Ballistomycete, Overgrow, Grow Oklob


You were on level 1 of the Swamp.
You worshipped Fedhas.
Fedhas was exalted by your worship.
You visited 4 branches of the dungeon, and saw 22 of its levels.
You also visited: Sewer.

You collected 1937 gold pieces.

Inventory:

Hand Weapons
 n - a +2 dagger of venom
 T - the +8 whip "Snakebite" {venom, curare, rPois}
   (You found it on level 1 of the Lair of Beasts)

   It poisons the flesh of those it strikes.
   It occasionally inflicts asphyxiating poison on those it strikes, dealing
   poison damage and causing slowness.
   rPois:     It protects you from poison.
 X - a +6 arbalest (weapon)
Missiles
 i - 3 javelins
 u - 9 boomerangs
 M - 10 poisoned darts
Armour
 I - a +0 cloak (worn)
 P - a scarf of invisibility
 Q - a +3 troll leather armour (worn)
Magical Staves
 c - a staff of fire
Jewellery
 d - a ring of fire
 j - a ring of flight (right hand)
 w - a ring of protection from cold
 C - a ring of resist corrosion
 K - a ring of magical power
 L - a ring of protection from cold
 N - a ring of poison resistance (left hand)
 O - an amulet of reflection (around neck)
Wands
 r - a wand of roots (16)
 F - a wand of flame (42)
 G - a wand of mindburst (6)
 W - a wand of digging (5) {@v3}
 Y - a wand of charming (15)
Scrolls
 b - 2 scrolls of immolation
 f - 15 scrolls of teleportation {@r3}
 g - 4 scrolls of butterflies
 h - 3 scrolls of summoning
 k - 8 scrolls of blinking {@r4}
 o - 4 scrolls of magic mapping {@r5}
 q - 3 scrolls of fear
 t - 3 scrolls of vulnerability
 y - a scroll of identify {@r1}
 z - 2 scrolls of poison
 H - 2 scrolls of amnesia
 V - a scroll of silence
Potions
 l - 4 potions of mutation
 m - 5 potions of flight
 p - 2 potions of ambrosia
 s - 4 potions of invisibility
 v - 8 potions of curing {@q1}
 x - 2 potions of heal wounds {@q2}
 A - 5 potions of might {@q3}
 B - 3 potions of resistance {@q5}
 E - 3 potions of brilliance
 J - 2 potions of cancellation
 S - a potion of magic
 U - 3 potions of lignification
 Z - a potion of haste {@q4}
Miscellaneous
 a - a phantom mirror
 e - a phial of floods
 R - a lightning rod (4/4)


   Skills:
 - Level 8.0 Fighting
 - Level 18.0 Ranged Weapons
 - Level 6.0 Dodging
 - Level 8.0 Stealth
 - Level 4.0 Spellcasting
 - Level 10.0 Hexes
 - Level 8.0 Translocations
 - Level 6.0 Transmutations
 + Level 14.7 Invocations
 - Level 4.0 Evocations


You had 13 spell levels left.
You knew the following spells:

 Your Spells              Type           Power      Damage    Failure   Level
a - Portal Projectile     Hex/Tloc       44%        N/A       2%          3
b - Cause Fear            Hex            12%        N/A       6%          4
c - Wereblood             Tmut           15%        N/A       4%          2

Your spell library contained the following spells:

 Spells                   Type           Power      Damage    Failure   Level
 Sting                    Tmut/Pois      32%        1d4       11%         1
 Summon Guardian Golem    Hex/Summ       13%        N/A       14%         3
 Magic Dart               Conj           8%         1d3       34%         1
 Fulminant Prism          Conj/Hex       6%         3d7       41%         4
 Leda's Liquefaction      Hex/Erth       6%         N/A       41%         4
 Call Imp                 Summ           2%         N/A       47%         2
 Poisonous Vapours        Pois/Air       4%         N/A       47%         2
 Searing Ray              Conj           4%         2d4       47%         2
 Sublimation of Blood     Necr           2%         N/A       47%         2
 Call Canine Familiar     Summ           2%         N/A       71%         3
 Mephitic Cloud           Conj/Pois/Air  2%         N/A       71%         3
 Olgreb's Toxic Radiance  Pois           2%         N/A       98%         4
 Dragon Form              Tmut           7%         N/A       100%        7
 Orb of Destruction       Conj           1%         9d5       100%        7
 Spellforged Servitor     Conj/Summ      1%         N/A       100%        7
 Summon Hydra             Summ           1%         N/A       100%        7
 Dragon's Call            Summ           1%         N/A       100%        9


Dungeon Overview and Level Annotations

Branches:
Dungeon (15/15) Zot: 25937  Temple (1/1) D:6 Zot: 5930    Lair (5/5) D:10 Zot: 22343
  Swamp (1/4) Lair:3 Zot: 5952  Spider (0/4) Lair:3        Slime (0/5) Lair:5
    Orc (0/2) D:12         Vaults (0/5) D:13         Depths (0/4) D:15
  Sewer (visited)

Altars:
Ashenzari
Cheibriados
Dithmenos
Elyvilon
Fedhas
Gozag
Hepliaklqana
Kikubaaqudgha
Makhleb
Nemelex Xobeh
Okawaru
Qazlal
Ru
Sif Muna
Trog
Uskayaw
Vehumet
Wu Jian
Xom
Yredelemnul
Zin
The Shining One
Jiyva

Annotations:
D:3 2 transporters, IdlyInterested's ghost, amateur DsWn
D:6 Grinder
D:8 4 transporters
D:14 Azrael; Louise


Innate Abilities, Weirdness & Mutations

You are very small and have problems with some larger weapons.
You are too small for most types of armour.
You have supernaturally acute eyesight. (SInv)
You cover ground extremely quickly. (Speed+++)


Message History

The hornet stings you!
* * * LOW HITPOINT WARNING * * *
A bunyip comes into view.
The teleport trap disappears.
The hornet disappears!
An eleionoma comes into view.
The eleionoma moves out of view.
The swamp worm fires a harpoon shot at you.
You feel much better.
The swamp worm fires a harpoon shot at you.
Casting: Cause Fear (dangerous; 6% risk of failure)
Confirm with . or Enter, or press ? or * to list all spells.
Casting: Cause Fear (dangerous; 6% risk of failure)
Press: ? - help, Dir - look around, f - activate The bunyip looks frightened!
The bunyip gives a hideous shriek!
The hornet looks frightened!
The bunyip easily resists.
The eleionoma resists with almost no effort.
The swamp worm resists with some effort.
The eleionoma shouts!
Casting: Cause Fear (dangerous; 6% risk of failure)
Confirm with . or Enter, or press ? or * to list all spells.
Casting: Cause Fear (dangerous; 6% risk of failure)
Press: ? - help, Dir - look around, f - activate The bunyip resists with some effort.
The eleionoma resists with almost no effort.
The swamp worm looks frightened!
A swamp dragon comes into view.
A bog body comes into view.
A goliath frog comes into view.
An eleionoma comes into view.
The eleionoma shouts!
The eleionoma hurls a spray of splinters at you.
The spray of wooden splinters hits you!!
* * * LOW HITPOINT WARNING * * *
The eleionoma flows through the trees.
You see here a +0 spear.
The bunyip seems to regain its courage.
There is a staircase back to the Lair, spattered with blood here.
The bunyip claws you!!!
You die...
Fedhas appreciates your contribution to the ecosystem.

♣♣.~..~~~~~~~~♣≈≈≈≈≈♣..
♣~....~~~~~~~~~♣≈≈≈≈F.~
♣♣♣~.~~~~~~~~§~~♣♣~.♣F.
♣~.~~~~§~~~~~F.♣ ♣♣
♣♣♣.~~~~~~~~~R.♣
♣♣..~~§..~~~~♣♣
♣♣♣~.~~..~~~.♣
♣♣.~.♣♣♣.xR♣
♣♣♣♣♣♣~.@.♣ ♣♣♣♣~.♣
♣.).♣ ..~~♣ ~~x~♣ ♣~...
♣♣.~~. ♣.~.♣


You could see 2 bunyips, 2 eleionomae and a goliath frog.

Vanquished Creatures
  An ironbound preserver (D:12)
  A dire elephant (D:15)
  An ogre mage (D:15)
  The ghost of Netz the Cleaver, a journeyman DsFi of Okawaru (D:10)
  4 hydras
  4 boulder beetles
  2 catoblepae (Lair:5)
  A centaur warrior (D:12)
  13 two-headed ogres
  4 tengu warriors
  An alligator (Swamp:1)
  11 death yaks
  3 spriggans
  A lindwurm (Lair:3)
  3 deep elf pyromancers (D:12)
  An orc knight (D:12)
  20 ugly things
  7 cyclopes
  8 manticores
  3 elephants (Lair:3)
  5 black mambas
  A naga mage (D:15)
  Psyche (D:11)
  9 cane toads
  2 gargoyles
  A torpor snail (Lair:2)
  2 rime drakes (Lair:5)
  7 kobold demonologists
  A freezing wraith (D:14)
  9 komodo dragons
  A tengu conjurer (D:12)
  14 trolls
  A polar bear (Lair:1)
  3 hornets
  A raiju (D:12)
  8 slime creatures
  4 dream sheep
  10 blink frogs
  3 vampires
  45 yaks
  5 fire elementals
  A steam dragon (D:7)
  A yak (shapeshifter) (D:15)
  7 basilisks
  3 wyverns
  A golden eye (shapeshifter) (D:15)
  3 redbacks (Lair:3)
  11 wargs (D:12)
  16 water moccasins
  An acid dragon (D:10)
  8 hell hounds
  2 black bears
  17 orc warriors
  2 ice beasts
  4 ogres
  11 wolves
  5 centaurs
  3 phantoms
  9 bullfrogs
  5 scorpions
  2 gnoll sergeants
  A kobold brigand (D:8)
  A necrophage (D:4)
  7 wights
  4 howler monkeys
  11 electric eels
  9 hounds
  14 jellies
  Crazy Yiuf (D:6)
  9 orc priests
  4 iguanas
  Jessica (D:2)
  4 orc wizards
  7 hell rats (Lair:5)
  Robin (D:2)
  5 gnolls
  16 adders
  6 river rats (Sewer)
  A shadow imp (D:5)
  An ufetubus (D:4)
  2 worms
  The ghost of capslocke the Sneak, a weakling DsDe (D:5)
  2 dart slugs
  47 orcs
  17 endoplasms
  8 giant cockroaches
  14 goblins
  7 hobgoblins
  9 jackals
  7 quokkas
  17 ball pythons
  13 bats
  6 frilled lizards
  15 kobolds
  9 rats
612 creatures vanquished.

Vanquished Creatures (collateral kills)
  A hydra (Lair:4)
  A catoblepas (Lair:5)
  2 death yaks (Lair:5)
  4 black mambas
  A cane toad (Lair:5)
  A komodo dragon (Lair:3)
  3 blink frogs (Lair:4)
  2 slime creatures (D:10)
  3 yaks (Lair:5)
  4 wolves
  A bullfrog (Lair:4)
  10 ballistomycete spores
33 creatures vanquished.

Vanquished Creatures (others)
  A goliath frog (Swamp:1)
  A wizard (D:3)
  A tyrant leech (Swamp:1)
  3 vampire mosquitoes (Swamp:1)
  A swamp drake (Swamp:1)
  2 ballistomycete spores
  66 fungi
  85 plants
  2 withered plants (D:5)
162 creatures vanquished.

Grand Total: 807 creatures vanquished

Notes
Turn   | Place    | Note
-------+----------+-------------------------------------------
     0 | D:1      | iguanaiguana the Spriggan Hunter began the quest for the
                  | Orb.
     0 | D:1      | Reached XP level 1. HP: 10/10 MP: 2/2
    95 | D:1      | Reached XP level 2. HP: 15/15 MP: 3/3
   419 | D:1      | Reached XP level 3. HP: 18/18 MP: 4/4
   650 | D:2      | Noticed Jessica
   654 | D:2      | Killed Jessica
   655 | D:2      | Reached skill level 5 in Ranged Weapons
   655 | D:2      | Reached XP level 4. HP: 23/23 MP: 5/5
   671 | D:2      | Found a radiant altar of Vehumet.
  1529 | D:2      | Noticed Robin
  1568 | D:2      | Killed Robin
  1611 | D:2      | Reached skill level 6 in Ranged Weapons
  1611 | D:2      | Reached XP level 5. HP: 22/26 MP: 6/6
  1769 | D:3      | Found a transporter.
  1771 | D:3      | Noticed IdlyInterested's ghost (amateur DsWn)
  1801 | D:3      | Found a transporter.
  1986 | D:3      | Found a glowing drain.
  2004 | Sewer    | Entered a sewer
  3067 | Sewer    | Reached skill level 7 in Ranged Weapons
  3067 | Sewer    | Reached XP level 6. HP: 30/30 MP: 7/7
  3557 | D:3      | Found an opulent altar of Gozag.
  3558 | D:3      | Found a stormy altar of Qazlal.
  3569 | D:3      | Found a broken altar of Ashenzari.
  3633 | D:3      | Found a bloodstained altar of Trog.
  3638 | D:3      | Noticed a wizard
  3642 | D:3      | Killed a wizard
  4138 | D:4      | Reached skill level 8 in Ranged Weapons
  4406 | D:4      | Reached XP level 7. HP: 35/35 MP: 7/8
  4716 | D:5      | Entered Level 5 of the Dungeon
  5044 | D:4      | Reached skill level 1 in Evocations
  5258 | D:5      | Found a runed translucent door.
  5260 | D:5      | Noticed capslocke's ghost (weakling DsDe)
  5385 | D:5      | Reached skill level 1 in Hexes
  5385 | D:5      | Reached skill level 1 in Translocations
  5385 | D:5      | Reached XP level 8. HP: 42/42 MP: 9/9
  5389 | D:5      | Learned a level 3 spell: Portal Projectile
  5651 | D:5      | Found the +7 staff of the Meek {protect, meekguard}
  5803 | D:5      | Killed capslocke's ghost
  5841 | D:6      | Found a hide-covered altar of Uskayaw.
  6005 | D:6      | Noticed Grinder
  6019 | D:5      | Reached skill level 5 in Dodging
  6318 | D:6      | Reached skill level 5 in Translocations
  6490 | D:7      | Reached skill level 1 in Spellcasting
  6726 | D:7      | Reached XP level 9. HP: 42/45 MP: 15/15
  7526 | D:6      | Found a staircase to the Ecumenical Temple.
  7636 | D:6      | Found a runed translucent door.
  7639 | D:6      | Noticed Crazy Yiuf
  7755 | D:6      | Killed Crazy Yiuf
  7988 | D:7      | Reached skill level 5 in Hexes
  8273 | D:8      | Found a basalt altar of Yredelemnul.
  8343 | Temple   | Entered the Ecumenical Temple
  8414 | Temple   | Became a worshipper of Fedhas Madash
  8942 | D:8      | Noticed a two-headed ogre
  8986 | D:8      | Killed a two-headed ogre
  8987 | D:8      | Reached skill level 9 in Ranged Weapons
  9016 | D:8      | Found a hazy altar of Hepliaklqana.
  9019 | D:8      | Found a glowing silver altar of Zin.
  9019 | D:8      | Found a radiant altar of Vehumet.
  9020 | D:8      | Found an ancient bone altar of Kikubaaqudgha.
  9020 | D:8      | Found a burning altar of Makhleb.
  9020 | D:8      | Found a sparkling altar of Nemelex Xobeh.
  9157 | D:8      | Found a transporter.
  9159 | D:8      | Found a transporter.
  9161 | D:8      | Found a transporter.
  9161 | D:8      | Found a transporter.
  9679 | D:8      | Reached * piety under Fedhas
  9781 | D:8      | Reached skill level 10 in Ranged Weapons
  9999 | D:8      | Reached XP level 10. HP: 28/49 MP: 17/17
 10644 | D:9      | Reached ** piety under Fedhas
 11174 | D:9      | Noticed a two-headed ogre
 11610 | D:9      | Killed a two-headed ogre
 11658 | D:9      | Learned a level 4 spell: Cause Fear
 11689 | D:10     | Entered Level 10 of the Dungeon
 12008 | D:10     | Reached skill level 10 in Hexes
 12173 | D:10     | Reached skill level 5 in Stealth
 12460 | D:10     | Noticed a gargoyle
 12494 | D:9      | Reached *** piety under Fedhas
 12644 | D:10     | Found a staircase to the Lair.
 12679 | D:10     | Killed a gargoyle
 12680 | D:10     | Reached skill level 11 in Ranged Weapons
 12680 | D:10     | Reached XP level 11. HP: 42/53 MP: 18/18
 12933 | Lair:1   | Entered Level 1 of the Lair of Beasts
 12993 | Lair:1   | Reached skill level 1 in Invocations
 13628 | Lair:1   | Reached skill level 5 in Invocations
 14722 | Lair:1   | Reached skill level 12 in Ranged Weapons
 14943 | Lair:1   | Found the +8 whip "Snakebite" {venom, curare, rPois}
 15097 | Lair:2   | Noticed a four-headed hydra
 15133 | Lair:2   | Killed a four-headed hydra
 15258 | Lair:2   | You are sucked into a shaft and drop 1 floor!
 15269 | Lair:3   | Reached skill level 13 in Ranged Weapons
 15456 | Lair:3   | Found a staircase to the Swamp.
 15617 | Lair:3   | Reached **** piety under Fedhas
 15618 | Lair:3   | Reached XP level 12. HP: 58/58 MP: 19/19
 15910 | Lair:3   | Learned a level 2 spell: Wereblood
 15945 | Lair:3   | Noticed a death yak
 15946 | Lair:3   | Noticed a death yak
 16295 | Lair:3   | Reached skill level 14 in Ranged Weapons
 16326 | Lair:3   | Found a hole to the Spider Nest.
 16454 | Lair:3   | Reached skill level 1 in Transmutations
 17247 | Lair:1   | Reached skill level 5 in Transmutations
 18248 | Lair:3   | Noticed a death yak
 18318 | Lair:3   | Noticed a death yak
 18370 | Lair:3   | Noticed a death yak
 18473 | Lair:2   | Killed a death yak
 18791 | Lair:3   | Found a hole to the Spider Nest.
 19011 | Lair:2   | Killed a death yak
 20202 | Lair:2   | Killed a death yak
 20707 | Lair:3   | Found a hole to the Spider Nest.
 20720 | Lair:3   | Killed a death yak
 20778 | Lair:4   | Noticed a four-headed hydra
 20781 | Lair:4   | Killed a four-headed hydra
 20965 | Lair:4   | Noticed a four-headed hydra
 20991 | Lair:4   | Killed a four-headed hydra
 20992 | Lair:4   | Reached XP level 13. HP: 34/61 MP: 5/20
 21100 | Lair:4   | Found a shimmering altar of Xom.
 21193 | Lair:4   | Reached skill level 15 in Ranged Weapons
 21484 | Lair:5   | Entered Level 5 of the Lair of Beasts
 21720 | Lair:5   | Reached skill level 10 in Invocations
 21846 | Lair:5   | Reached skill level 16 in Ranged Weapons
 22675 | Lair:5   | Reached skill level 17 in Ranged Weapons
 22717 | Lair:5   | Reached ***** piety under Fedhas
 22829 | Lair:5   | Found a staircase to the Slime Pits.
 22829 | Lair:5   | Found a viscous altar of Jiyva.
 23669 | Lair:5   | Identified the +1 rapier of Caoninom {freeze, Stlth+}
 23857 | D:11     | Noticed Netz's ghost (journeyman DsFi)
 23857 | D:11     | Found a runed translucent gate.
 23857 | D:11     | Found a runed translucent gate.
 23857 | D:11     | Found a runed translucent gate.
 23862 | D:11     | Found a viscous altar of Jiyva.
 23990 | D:10     | Killed Netz's ghost
 23991 | D:10     | Reached XP level 14. HP: 66/66 MP: 22/22
 24480 | D:11     | Reached skill level 18 in Ranged Weapons
 24807 | D:11     | Noticed Psyche
 24883 | D:11     | Killed Psyche
 24921 | D:11     | Found a hide-covered altar of Uskayaw.
 25023 | D:12     | Reached skill level 5 in Fighting
 25422 | D:12     | Found a staircase to the Orcish Mines.
 25634 | D:12     | Identified the +0 quarterstaff "Anosit" {flame, rElec rF+
                  | Will++ Dex-4}
 27166 | D:13     | Noticed an ironbound preserver
 27365 | D:12     | Killed an ironbound preserver
 27564 | D:13     | Found a white marble altar of Elyvilon.
 27601 | D:13     | Found a gate to the Vaults.
 27936 | D:14     | Noticed Azrael
 28243 | D:14     | Reached XP level 15. HP: 77/77 MP: 25/25
 28387 | D:14     | Reached ****** piety under Fedhas
 28464 | D:14     | Noticed Louise
 29199 | D:15     | Entered Level 15 of the Dungeon
 30613 | D:15     | Found a staircase to the Depths.
 30819 | Swamp:1  | Entered Level 1 of the Swamp
 30904 | Swamp:1  | Demolished by a bunyip

Illustrated notes

Levels and vault maps discovered:
D:1:      dpeg_arrival_rooms_b, layout_basic, minmay_misc_feat_roman,
          serial_bayou_pond_b
D:2:      layout_loops_cross, basic_altar, nrook_loot_triangle, uniq_robin,
          uniq_jessica
D:3:      layout_rooms, trog_wizard, minitemple, cheibrodos_sewer_entry_bend,
          gammafunk_ghost_mausoleum
D:4:      layout_loops_ring
D:5:      layout_loops_ring, gammafunk_ghost_grave, pf_guarded_unrand_meek
D:6:      layout_cave_pools, lemuel_crystal_altar, temple_fountains,
          uniq_grinder, uniq_crazy_yiuf_cottage
D:7:      layout_gridville, serial_bayou_pond_d
D:8:      layout_loops_cross, grunt_temple_overflow_open,
          mainiacjoe_overflow_brackets, special_room [special_room_orc],
          nicolae_diode_quadrants
D:9:      layout_loops_cross
D:10:     layout_small_grid, erik_lair_island
D:11:     layout_roguey, gammafunk_ghost_ooze,
          nicolae_uskayaw_murder_on_the_dancefloor, uniq_psyche
D:12:     lemuel_castle_with_subvaults [lemuel_castle_interior_carwin_2],
          layout_irregular_city, david_orc_4, serial_rivers,
          chequers_serial_rivers_micro_b, chequers_serial_rivers_large_b,
          chequers_serial_rivers_marsh, chequers_serial_rivers_room_b,
          chequers_serial_rivers_small_b
D:13:     layout_cave_pools, skrybe_vaults_entry_preservation,
          nicolae_elyvilon_temple_path
D:14:     layout_loops_corners, nicolae_titane, minmay_misc_feat_enclosed,
          uniq_louise, uniq_azrael
D:15:     hangedman_depths_entry_try_elsewhere_first, layout_loops_corners,
          minivault_23
Temple:   cyrus_temple_forest
Lair:1:   minmay_guarded_unrand_snakebite, layout_long_grid, serial_bayou_ford_a
Lair:2:   layout_chaotic_city, nicolae_quartered_pool_medium,
          serial_bayou_shore_b
Lair:3:   layout_chaotic_city, minmay_swamp_entry_eels, spider_nest_entry_webs,
          grunt_megastairs_3
Lair:4:   layout_regular_city, basic_altar
Lair:5:   evilmike_catoblepas_cave, layout_layer_cave,
          minmay_slime_entry_jelly_boxes, serial_bayou_shore_a,
          serial_bayou_shore_b, lemuel_fruit_fields
Swamp:1:  layout_basic_swamp, evilmike_swamp_ruin_rubble_2, swamp_pool2,
          nicolae_swamp_no_escape

Skill      XL: |  1  2  3  4  5  6  7  8  9 10 11 12 13 14 15 |
---------------+----------------------------------------------+-----
Stealth        | 2 8 |  8.0
Dodging        | 3 6 |  6.0
Ranged Weapons | 5 6 7 8 10 11 13 14 17 18 | 18.0
Fighting       | 2 4 8 |  8.0
Evocations     | 4 |  4.0
Hexes          | 1 4 6 10 | 10.0
Translocations | 1 6 8 |  8.0
Spellcasting   | 3 4 |  4.0
Invocations    | 6 9 10 12 14 | 14.7
Transmutations | 6 |  6.0

Action                   |  1- 3 |  4- 6 |  7- 9 | 10-12 | 13-15 || total
-------------------------+-------+-------+-------+-------+-------++-------
Melee: Whip              |       |       |       |     3 |       ||     3
 Fire: Shortbow          |    90 |   282 |   415 |  1411 |       ||  2198
       Arbalest          |       |       |       |    39 |  1079 ||  1118
 Cast: Portal Projectile |       |       |     1 |     5 |     4 ||    10
       Cause Fear        |       |       |       |     7 |     5 ||    12
       Wereblood         |       |       |       |     3 |     3 ||     6
Invok: Wall of Briars    |       |       |       |     5 |       ||     5
       Grow Ballistomyce |       |       |       |     3 |     3 ||     6
       Overgrow          |       |       |       |     2 |     2 ||     4
Evoke: Wand              |       |       |     4 |     4 |     1 ||     9
       Phial of floods   |       |       |       |       |     1 ||     1
       Phantom mirror    |       |       |       |       |     1 ||     1
  Use: Scroll            |       |     6 |     5 |    12 |    11 ||    34
       Potion            |       |     3 |       |     4 |     1 ||     8
 Stab: Confused          |       |       |       |     1 |       ||     1
Armor: Robe              |     3 |    12 |     8 |     4 |       ||    27
       Troll leather arm |       |       |       |    48 |    40 ||    88
Dodge: Dodged            |    16 |   167 |   111 |   394 |   226 ||   914
Block: Other             |       |       |       |       |    20 ||    20
       Reflection        |       |       |       |       |     4 ||     4

Table legend: (Time is in decaauts)
 A = Elapsed time spent in this place.
 B = Non-inter-level travel time spent in this place.
 C = Inter-level travel time spent in this place.
 D = Time resting spent in this place.
 E = Time spent auto-exploring this place.
 F = Levels seen in this place.
 G = Mean time per level.
                   A        B        C        D        E       F      G
               +--------+--------+--------+--------+--------+-----+--------+
         Total |  22740 |  21365 |   1375 |   3437 |   9945 |  23 |  988.7 |
       Dungeon |  13544 |  12658 |    886 |   1855 |   6610 |  15 |  902.9 |
        Temple |     69 |     35 |     34 |      0 |     29 |   1 |   69.0 |
          Lair |   7656 |   7203 |    453 |    782 |   3004 |   5 | 1531.2 |
         Swamp |     46 |     46 |      0 |      0 |      0 |   1 |   46.0 |
         Sewer |   1423 |   1423 |      0 |    798 |    301 |   1 | 1423.0 |
               +--------+--------+--------+--------+--------+-----+--------+

Top non-repeatable levels by time:
  Lair:3: 2271 daAuts
    D:12: 1650 daAuts
  Lair:1: 1541 daAuts
  Lair:2: 1527 daAuts
     D:8: 1428 daAuts
   Sewer: 1423 daAuts
  Lair:5: 1360 daAuts
     D:7: 1356 daAuts
    D:10: 1075 daAuts
  Lair:4: 956 daAuts
    D:14: 940 daAuts
     D:5: 923 daAuts
    D:15: 919 daAuts
     D:9: 916 daAuts
     D:2: 845 daAuts
